 Dungeon Crawl Stone Soup version 0.28-a0-1182-g381e24db82 (webtiles) character file.

Game seed: 8024587559567399901

31964 ChaosChampion the Martial Artist (level 13, -20/106 HPs)
             Began as an Octopode Transmuter on Dec 17, 2021.
             Was a High Priest of Cheibriados.
             Demolished by a sun demon (27 damage)
             ... summoned by an orc high priest
             ... on level 1 of the Orcish Mines.
             The game lasted 00:50:18 (19302 turns).

ChaosChampion the Martial Artist (OpTm)            Turns: 19302, Time: 00:50:19

Health: -20/106    AC: 19    Str: 21    XL:     13   Next: 61%
Magic:  10/19      EV: 24    Int: 37    God:    Cheibriados [*****.]
Gold:   670        SH:  0    Dex: 35    Spells: 5/18 levels left

rFire   x . .      SeeInvis .     - Unarmed
rCold   + + +      Faith    .   (shield currently unavailable)
rNeg    + . .      Spirit   .   (helmet currently unavailable)
rPois   +          Reflect  .   (no amulet)
rElec   .          Harm     .   a - +4 ring of protection
rCorr   +          Rampage  .   i - +4 ring of evasion
Will    .....                   z - ring of positive energy
Stlth   ++++......              B - +6 ring of dexterity
HPRegen 0.27/turn               A - +4 ring of protection
MPRegen 0.16/turn               H - +6 ring of dexterity
                                E - ring of Etaexkawk {rCorr Int+6 Slay+3}
                                F - ring of poison resistance

@: ice-form, wereblooded, very slow
A: freezing attack, boosted hp, almost no armour, amphibious, 8 rings, large,
(camouflage 1), (gelatinous body 1), (nimble swimmer 1), (tentacles)
a: End Transformation, Renounce Religion, Bend Time, Temporal Distortion,
Slouch, Step From Time


You were on level 1 of the Orcish Mines.
You worshipped Cheibriados.
Cheibriados was extremely pleased with you.
You were a creature of crystalline ice.
You visited 3 branches of the dungeon, and saw 15 of its levels.

You collected 800 gold pieces.
You spent 130 gold pieces at shops.

Inventory:

Missiles
 t - 34 poisoned darts (quivered)
Magical Staves
 C - a staff of cold (melded)
 J - a staff of earth
Jewellery
 a - a +4 ring of protection (left front paw)
 i - a +4 ring of evasion (right front paw)
 y - a ring of resist corrosion
 z - a ring of positive energy (on tentacle)
 A - a +4 ring of protection (on tentacle)
 B - a +6 ring of dexterity (on tentacle)
 E - the ring of Etaexkawk (on tentacle) {rCorr Int+6 Slay+3}
   (You took it off an orc wizard on level 11 of the Dungeon)

   [ring of intelligence]

   Int:       It affects your intelligence (+6).
   Slay:      It affects your accuracy & damage with ranged weapons and melee
   (+3).
   rCorr:     It protects you from acid and corrosion.
 F - a ring of poison resistance (on tentacle)
 H - a +6 ring of dexterity (on tentacle)
Wands
 e - a wand of polymorph (18)
 l - a wand of flame (24)
 n - a wand of acid (9)
 p - a wand of charming (5)
 w - a wand of paralysis (19)
 x - a wand of iceblast (4)
Scrolls
 b - a scroll of magic mapping
 c - a scroll of enchant armour
 g - 2 scrolls of amnesia
 h - a scroll of fog
 o - 2 scrolls of enchant weapon
 v - a scroll of blinking
 D - a scroll of identify
Potions
 d - 3 potions of magic
 j - a potion of mutation
 k - a potion of brilliance
 m - 3 potions of curing
 q - 2 potions of might
 r - a potion of berserk rage {unknown}
 s - 2 potions of flight
 u - a potion of ambrosia {unknown}
 I - a potion of attraction {unknown}
Miscellaneous
 G - a lightning rod (4/4)


   Skills:
 + Level 8.6 Fighting
 + Level 8.7 Dodging
 - Level 6.0 Stealth
 * Level 13.7 Unarmed Combat
 - Level 3.0 Spellcasting
 - Level 3.0 Translocations
 + Level 9.8 Transmutations
 - Level 3.0 Ice Magic
 - Level 3.0 Poison Magic
 + Level 9.0 Invocations


You had 5 spell levels left.
You knew the following spells:

 Your Spells              Type           Power      Damage    Failure   Level
b - Wereblood             Tmut           68%        N/A       1%          2
c - Spider Form           Tmut/Pois      52%        N/A       1%          3
d - Ice Form              Ice/Tmut       52%        N/A       3%          4
e - Passwall              Tmut/Erth      34%        N/A       1%          2
z - Blink                 Tloc           54%        N/A       1%          2

Your spell library contained the following spells:

 Spells                   Type           Power      Damage    Failure   Level
 Beastly Appendage        Tmut           100%       N/A       1%          1
 Ensorcelled Hibernation  Hex/Ice        32%        N/A       3%          2
 Poisonous Vapours        Pois/Air       32%        N/A       3%          2
 Animate Skeleton         Necr           10%        N/A       4%          1
 Pain                     Necr           20%        1d5       4%          1
 Sandblast                Erth           10%        2d5       4%          1
 Slow                     Hex            20%        N/A       4%          1
 Corpse Rot               Necr/Air       10%        N/A       7%          2
 Confusing Touch          Hex            5%         N/A       13%         3
 Stone Arrow              Conj/Erth      10%        3d7       13%         3
 Tukima's Dance           Hex            5%         N/A       13%         3
 Vampiric Draining        Necr           5%         2d6       13%         3
 Manifold Assault         Tloc           27%        N/A       34%         5
 Lee's Rapid Deconstruct  Erth           2%         3d6*      77%         5
 Simulacrum               Ice/Necr       8%         N/A       98%         6
 Storm Form               Tmut/Air       20%        N/A       99%         7
 Iron Shot                Conj/Erth      2%         9d2       100%        6
 Lehudib's Crystal Spear  Conj/Erth      2%         10d2      100%        8
 Animate Armour           Summ/Erth      Unusable   N/A       N/A         4

Dungeon Overview and Level Annotations

Branches:
Dungeon (13/15)            Temple (1/1) D:4            Lair (0/6) D:11
    Orc (1/2) D:11
 Vaults: D:13-14

Altars:
Ashenzari
Cheibriados
Dithmenos
Elyvilon
Fedhas
Gozag
Hepliaklqana
Kikubaaqudgha
Makhleb
Nemelex Xobeh
Okawaru
Qazlal
Ru
Sif Muna
Trog
Uskayaw
Vehumet
Wu Jian
Xom
Yredelemnul
Zin
The Shining One

Shops:
D:3 *(*   D:6 :

Annotations:
D:2 Jessica
D:11 exclusion: 3 oklob plants


Innate Abilities, Weirdness & Mutations

You are a creature of crystalline ice.
You have a powerful freezing melee attack.
Your maximum health is increased.
Your armour is entirely melded.
You are incapable of wielding weapons or throwing items.
You cannot wear most types of armour.
You are amphibious.
You can wear up to eight rings at the same time.
((Your skin changes colour to match your surroundings (Stealth+).))
((Your rubbery body absorbs attacks. (AC +1, EV +1)))
((You are camouflaged near water. (Stealth+)))
((You have tentacles for arms and can constrict up to eight enemies at once.))


Message History

The red devil is severely wounded.
The red devil completely misses you. The orc barely misses you.
You completely miss the red devil.
The red devil is severely wounded.
You punch the red devil! You freeze the red devil.
You kill the red devil!
The red devil disappears in a puff of smoke!
The orc barely misses you.
The orc high priest prays to Beogh.
The barbed spikes dig painfully into your body as you move.
The barbed spikes snap loose.
The orange demon closely misses you. The orc completely misses you.
The orc hits you but does no damage.
The orc high priest completely misses you.
The orange demon completely misses you. The orc hits you but does no damage.
The orc high priest completely misses you.
Things that are here:
a +0 flail; an orc corpse You pummel the orc high priest!!
You freeze the orc high priest.
The orc high priest is severely wounded.
The orange demon closely misses you. The sun demon hits you.
You are engulfed in flames!
The fire burns you terribly!
* * * LOW HITPOINT WARNING * * *
The orc completely misses you.
You feel much better.
The orc high priest invokes the aid of Beogh against you.
Beogh smites you!
* * * LOW HITPOINT WARNING * * *
The orc closely misses you. The sun demon closely misses you.
The orange demon misses you.
An ogre comes into view. It is wielding a +0 giant club.
The orc completely misses you.
You punch the orc high priest! You freeze the orc high priest.
The orc high priest is severely wounded.
The orc high priest hits you with a +0 trident!
* * * LOW HITPOINT WARNING * * *
The orc barely misses you. The sun demon hits you!
* * * LOW HITPOINT WARNING * * *
You are engulfed in flames!!
The fire burns you terribly!
You die...

....#...........
....#........#.## ##
........#...#O..## ..#
.................##..#
................#....
#. #..#))>)..........#
#...##....)...........
..#....).o.o.<.......
..>.......43Y#.^...#.#
...........o#)).....#
.....#.....###.)....#
....#...#.###....#.##
#.)#.......#...$.###
#.###..##.##....## o.
### #####.### ##


You could see an orc high priest, a sun demon (summoned), an orange demon
(summoned), an ogre and 2 orcs.

Vanquished Creatures
  A sphinx (D:11)
  A frost giant (D:11)
  2 ettins (D:11)
  An ice dragon (D:11)
  4 boulder beetles
  4 hydras
  3 two-headed ogres (D:11)
  A two-headed ogre (shapeshifter) (D:11)
  A tengu warrior (D:8)
  3 deep elf pyromancers
  3 manticores (D:11)
  An orc sorcerer (Orc:1)
  5 ugly things
  5 cyclopes
  The ghost of Mageowned the Chopper, a novice MiBe of Trog (D:8)
  2 centaur zombies (D:11)
  A gargoyle (D:12)
  An unseen horror (D:12)
  A komodo dragon (D:11)
  An efreet (D:10)
  6 kobold demonologists (D:9)
  6 trolls
  A queen bee (D:8)
  A meliai (shapeshifter) (D:13)
  A slime creature (D:11)
  2 vampires (D:11)
  4 wraiths
  3 wyverns
  A basilisk (D:13)
  A steam dragon (D:8)
  19 yaks
  A warg (Orc:1)
  A water moccasin (D:7)
  An acid dragon (D:12)
  A meliai simulacrum (D:11)
  A hornet zombie (D:8)
  3 orc warriors
  An ice beast (D:7)
  A black bear (D:7)
  2 ogres
  6 centaurs
  A phantom (D:6)
  4 kobold brigands
  A gnoll sergeant (D:11)
  A water moccasin zombie (D:4)
  A water moccasin skeleton (D:7)
  11 killer bees
  6 howler monkeys
  A jelly (D:3)
  2 bullfrog zombies
  3 hounds
  9 orc priests
  A bullfrog skeleton (D:7)
  2 iguanas (D:5)
  A scorpion zombie (D:5)
  15 orc wizards
  A killer bee zombie (D:6)
  2 hound skeletons
  2 howler monkey zombies
  Robin (D:2)
  3 gnolls (Orc:1)
  6 adders
  A shadow imp (D:7)
  2 white imps
  An ufetubus (D:5)
  A worm (D:3)
  2 dart slugs
  45 orcs
  6 endoplasms
  3 giant cockroaches (D:2)
  14 goblins
  8 hobgoblins
  6 jackals
  20 kobolds
  3 quokkas
  8 ball pythons
  5 bats
  5 frilled lizards (D:1)
  7 rats
316 creatures vanquished.

Vanquished Creatures (others)
  An unseen horror (D:11)
  26 plants
27 creatures vanquished.

Grand Total: 343 creatures vanquished

Notes
Turn   | Place    | Note
-------+----------+-------------------------------------------
     0 | D:1      | ChaosChampion the Octopode Transmuter began the quest for
                  | the Orb.
     0 | D:1      | Reached XP level 1. HP: 13/13 MP: 3/3
   299 | D:1      | Reached XP level 2. HP: 2/18 MP: 3/5
   560 | D:1      | Learned a level 2 spell: Wereblood
  1091 | D:1      | Found a faded altar of an unknown god.
  1394 | D:2      | Noticed Robin
  1453 | D:2      | Reached XP level 3. HP: 23/23 MP: 4/6
  1665 | D:2      | Reached skill level 4 in Unarmed Combat
  2129 | D:2      | Learned a level 3 spell: Spider Form
  2137 | D:2      | Killed Robin
  2138 | D:2      | Reached XP level 4. HP: 28/28 MP: 3/7
  2286 | D:2      | Noticed Jessica
  2972 | D:3      | Found Cir Reky's Assorted Antiques.
  3031 | D:3      | Found Foupp's General Store.
  3042 | D:3      | Reached skill level 1 in Poison Magic
  3241 | D:3      | Reached XP level 5. HP: 15/33 MP: 2/8
  3771 | D:3      | Found Lerurade's Weapon Emporium.
  4018 | D:4      | Found a staircase to the Ecumenical Temple.
  4050 | Temple   | Entered the Ecumenical Temple
  4227 | Temple   | Became a worshipper of Cheibriados the Contemplative
  4504 | D:4      | Reached XP level 6. HP: 31/38 MP: 4/10
  4589 | D:4      | Reached skill level 5 in Unarmed Combat
  4622 | D:4      | Identified the +1 chain mail of Cataseaxt {SInv Stlth+}
  4961 | D:4      | Reached skill level 1 in Invocations
  5614 | D:5      | Entered Level 5 of the Dungeon
  5668 | D:5      | Found a hazy altar of Hepliaklqana.
  5772 | D:5      | Reached XP level 7. HP: 38/44 MP: 8/11
  5866 | D:5      | Found a radiant altar of Vehumet.
  5873 | D:5      | Found a sparkling altar of Nemelex Xobeh.
  5876 | D:5      | Found an ancient bone altar of Kikubaaqudgha.
  6212 | D:5      | Reached * piety under Cheibriados
  7025 | D:6      | Found Mik Hise's Book Emporium.
  7044 | D:6      | Found a basalt altar of Yredelemnul.
  7362 | D:6      | Reached skill level 6 in Unarmed Combat
  7362 | D:6      | Reached XP level 8. HP: 34/51 MP: 7/12
  7461 | D:6      | Learned a level 2 spell: Passwall
  7464 | D:6      | Learned a level 2 spell: Blink
  7469 | D:6      | Learned a level 4 spell: Ice Form
  7709 | D:6      | Noticed a wyvern
  7720 | D:6      | Killed a wyvern
  8744 | D:7      | Reached skill level 7 in Unarmed Combat
  8751 | D:7      | Reached ** piety under Cheibriados
  9470 | D:8      | Reached skill level 5 in Transmutations
  9480 | D:8      | Noticed a wyvern
  9489 | D:8      | Killed a wyvern
  9490 | D:8      | Reached XP level 9. HP: 58/58 MP: 5/13
  9650 | D:8      | Found an ornate altar of the Wu Jian Council.
 10018 | D:8      | Found a runed translucent door.
 10169 | D:8      | Noticed a queen bee
 10188 | D:8      | Killed a queen bee
 10189 | D:8      | Reached skill level 8 in Unarmed Combat
 10199 | D:8      | Reached *** piety under Cheibriados
 10446 | D:8      | Reached skill level 5 in Dodging
 10679 | D:8      | Noticed Mageowned's ghost (novice MiBe)
 10683 | D:8      | Noticed a tengu warrior
 10900 | D:9      | Noticed a purple ugly thing
 10914 | D:9      | Killed a purple ugly thing
 10915 | D:9      | Reached skill level 5 in Invocations
 11114 | D:9      | Noticed a kobold demonologist
 11123 | D:9      | Noticed a kobold demonologist
 11126 | D:9      | Noticed a sixfirhy
 11130 | D:9      | Noticed a soul eater
 11138 | D:9      | Killed a kobold demonologist
 11139 | D:9      | Reached skill level 5 in Fighting
 11139 | D:9      | Reached XP level 10. HP: 36/66 MP: 10/14
 11724 | D:9      | Killed a kobold demonologist
 11725 | D:9      | Reached skill level 9 in Unarmed Combat
 11981 | D:9      | Noticed a kobold demonologist
 11984 | D:9      | Noticed a kobold demonologist
 11986 | D:9      | Noticed a kobold demonologist
 11989 | D:9      | Noticed a kobold demonologist
 11990 | D:9      | Killed a kobold demonologist
 11991 | D:9      | Noticed a soul eater
 12002 | D:9      | Killed a kobold demonologist
 12336 | D:9      | Killed a kobold demonologist
 12359 | D:9      | Reached **** piety under Cheibriados
 12444 | D:9      | Killed a kobold demonologist
 12635 | D:9      | Reached skill level 10 in Unarmed Combat
 13122 | D:10     | Entered Level 10 of the Dungeon
 13172 | D:9      | Reached XP level 11. HP: 72/72 MP: 11/15
 13271 | D:10     | Reached skill level 1 in Translocations
 13271 | D:10     | Reached skill level 1 in Ice Magic
 13576 | D:10     | Reached skill level 11 in Unarmed Combat
 13685 | D:10     | Found a shimmering altar of Xom.
 14032 | D:11     | Reached skill level 1 in Stealth
 14034 | D:11     | Noticed a boulder beetle
 14081 | D:11     | Reached ***** piety under Cheibriados
 14117 | D:11     | Noticed an oklob plant
 14159 | D:11     | Noticed a two-headed ogre
 14176 | D:11     | Killed a two-headed ogre
 14219 | D:11     | Found a staircase to the Orcish Mines.
 14222 | D:11     | Found a staircase to the Lair.
 14249 | D:11     | Killed a boulder beetle
 14282 | D:11     | Noticed an oklob plant
 14385 | D:11     | Noticed a manticore
 14386 | D:11     | Noticed a manticore
 14386 | D:11     | Noticed a seven-headed hydra
 14386 | D:11     | Noticed a seven-headed hydra
 14391 | D:11     | Killed a manticore
 14391 | D:11     | Noticed a boulder beetle
 14400 | D:11     | Noticed a cyclops
 14406 | D:11     | Killed a cyclops
 14587 | D:11     | Killed a seven-headed hydra
 14667 | D:11     | Noticed an oklob plant
 14832 | D:11     | Killed a manticore
 14833 | D:11     | Reached skill level 5 in Stealth
 14833 | D:11     | Reached XP level 12. HP: 54/80 MP: 14/17
 15002 | D:11     | Noticed a two-headed ogre
 15024 | D:11     | Killed a two-headed ogre
 15075 | D:11     | Noticed a boulder beetle
 15130 | D:11     | Killed a boulder beetle
 15131 | D:11     | Reached skill level 12 in Unarmed Combat
 15140 | D:11     | Noticed a two-headed ogre
 15140 | D:11     | a swamp worm changed into a two-headed ogre
 15144 | D:11     | Killed a two-headed ogre
 15171 | D:11     | Noticed a sphinx
 15722 | D:12     | Noticed a boulder beetle
 15734 | D:12     | Killed a boulder beetle
 16166 | D:12     | Noticed a six-headed hydra
 16177 | D:12     | Killed a six-headed hydra
 16506 | D:11     | Noticed a frost giant
 16751 | D:3      | Bought an iron ring for 130 gold pieces
 16992 | D:8      | Killed Mageowned's ghost
 16999 | D:8      | Killed a tengu warrior
 17113 | D:11     | Noticed an ice dragon
 17121 | D:11     | Killed an ice dragon
 17135 | D:11     | Killed a frost giant
 17136 | D:11     | Reached XP level 13. HP: 84/88 MP: 10/19
 17173 | D:11     | Reached skill level 13 in Unarmed Combat
 17192 | D:11     | Identified the ring of Etaexkawk {rCorr Int+6 Slay+3}
 17194 | D:11     | Noticed an ettin
 17668 | D:11     | Killed an ettin
 17736 | D:11     | Got Zerrirch's Reference Book on Stones and the Snowflakes
 17763 | D:11     | Noticed an ettin
 17778 | D:11     | Killed an ettin
 18263 | D:11     | Killed a sphinx
 18412 | D:11     | Identified the +4 scythe of Noon {venom, rC- Int+9}
 18496 | D:11     | Identified the -3 pair of gloves of the Sun {rElec rF+ rC+
                  | Int-5}
 19252 | Orc:1    | Entered Level 1 of the Orcish Mines
 19270 | Orc:1    | Paralysed by an orc sorcerer for 4 turns
 19302 | Orc:1    | Demolished by a sun demon

Illustrated notes

Levels and vault maps discovered:
D:1:      elethiomel_arrival_shortcut, layout_basic,
          ebering_ecumenical_altar_sacrificial, minmay_split_cup_small
D:2:      layout_loops_ring, minmay_fractal_squares_5, uniq_jessica, uniq_robin
D:3:      layout_basic, serial_shops, shop, nicolae_shop_waterfront,
          nicolae_shop_overgrown_old_shop, minmay_hedge_maze,
          minmay_curled_crystal
D:4:      layout_cave_pods, minmay_temple_entry_mini_moons
D:5:      layout_cave_pools, nzn_hepliaklqana_mist_gate,
          minmay_overflow_temple_star_quad, serial_park, serial_park_tiny_pond,
          serial_park_tiny_1, serial_park_fountain, serial_park_tiny_1
D:6:      layout_loops_cross, yredelemnul_altar_generic, serial_shops, shop,
          minivault_14, amcnicky_mini_rare_corridor_liquid
D:7:      minmay_spotlight, layout_loops_ring
D:8:      layout_loops_ring, nicolae_wu_jian_wuxing_cycle,
          ebering_ghost_inner_flame, nicolae_looking_at_the_future
D:9:      layout_stronghold
D:10:     layout_cave_pools, mainiacjoe_overflow_concentric_impassable,
          minmay_misc_feat_tiny, minmay_misc_feat_encased
D:11:     minmay_complete_graph, layout_basic, dpeg_oklobed_lair, orc_0_dummy
D:12:     layout_basic, minmay_door_square
D:13:     layout_irregular_city, david_vaults_4, serial_shops,
          nicolae_shop_competitors_out_of_business
Temple:   regret_index_temple_waves
Orc:1:    layout_caves, basic_altar, serial_shops, nicolae_shop_behind_doors,
          shop, uniq_sonja

Skill      XL: |  1  2  3  4  5  6  7  8  9 10 11 12 13 |
---------------+----------------------------------------+-----
Unarmed Combat | 4 5 6 7 8 10 11 12 13 | 13.7
Transmutations | 3 4 5 6 7 8 9 |  9.8
Poison Magic   | 1 2 3 |  3.0
Spellcasting   | 3 |  3.0
Invocations    | 1 2 4 5 6 8 9 |  9.0
Fighting       | 2 3 5 6 7 8 |  8.6
Dodging        | 3 4 5 6 7 8 |  8.7
Translocations | 3 |  3.0
Ice Magic      | 3 |  3.0
Stealth        | 5 6 |  6.0

Action                   |  1- 3 |  4- 6 |  7- 9 | 10-12 | 13-15 || total
-------------------------+-------+-------+-------+-------+-------++-------
Melee: Unarmed           |    87 |   149 |   282 |   356 |   113 ||   987
       Constrict         |    22 |    13 |     2 |     3 |       ||    40
       Kick              |    14 |     8 |       |       |       ||    22
       Tentacles         |     9 |     8 |     1 |     1 |       ||    19
       Punch             |     3 |     3 |       |     2 |       ||     8
Throw: Dart              |       |       |       |    18 |     8 ||    26
 Cast: Beastly Appendage |    23 |    13 |       |       |       ||    36
       Wereblood         |     3 |     9 |    18 |    32 |    15 ||    77
       Spider Form       |     1 |    16 |    32 |    32 |     3 ||    84
       Passwall          |       |       |     1 |       |       ||     1
       Ice Form          |       |       |     1 |    14 |    20 ||    35
       Blink             |       |       |       |     2 |       ||     2
Invok: Slouch            |       |       |       |     2 |     1 ||     3
Evoke: Wand              |       |       |     4 |    21 |     2 ||    27
  Use: Scroll            |       |    10 |     6 |     7 |     3 ||    26
       Potion            |       |       |     1 |     4 |     3 ||     8
 Stab: Sleeping          |       |     4 |     1 |     2 |     1 ||     8
       Distracted        |       |       |       |     1 |       ||     1
Armor: Skin              |    17 |    20 |    27 |    76 |    61 ||   201
Dodge: Dodged            |    47 |   105 |   324 |   443 |   157 ||  1076

Table legend: (Time is in decaauts)
 A = Elapsed time spent in this place.
 B = Non-inter-level travel time spent in this place.
 C = Inter-level travel time spent in this place.
 D = Time resting spent in this place.
 E = Time spent auto-exploring this place.
 F = Levels seen in this place.
 G = Mean time per level.
                   A        B        C        D        E       F      G
               +--------+--------+--------+--------+--------+-----+--------+
         Total |  23831 |  21986 |   1845 |   3879 |  13736 |  15 | 1588.7 |
       Dungeon |  23569 |  21758 |   1811 |   3879 |  13580 |  13 | 1813.0 |
        Temple |    211 |    178 |     33 |      0 |    156 |   1 |  211.0 |
  Orcish Mines |     51 |     51 |      0 |      0 |      0 |   1 |   51.0 |
               +--------+--------+--------+--------+--------+-----+--------+

Top non-repeatable levels by time:
     D:9: 3214 daAuts
    D:11: 3087 daAuts
    D:10: 2077 daAuts
     D:7: 1897 daAuts
    D:12: 1842 daAuts
     D:8: 1840 daAuts
     D:1: 1725 daAuts
     D:6: 1652 daAuts
     D:4: 1633 daAuts
     D:2: 1523 daAuts
     D:5: 1468 daAuts
     D:3: 1154 daAuts
    D:13: 452 daAuts
  Temple: 211 daAuts
   Orc:1: 51 daAuts
